 Dungeon Crawl Stone Soup version 0.32-a0-938-g40ac7a0f4d (webtiles) character file.

Game seed: 4549773683613313916

418 ytrimaz the Caller (level 6, -15/43 HPs)
             Began as a Demonspawn Summoner on Apr 8, 2024.
             Killed by an exploding inugami (41 damage)
             ... ignited by their inner flame
             ... in a sewer on Apr 15, 2024.
             The game lasted 00:06:20 (3844 turns).

ytrimaz the Caller (Demonspawn Summoner)            Turns: 3844, Time: 00:06:21

Health: -15/43     AC:  4    Str:  8    XL:     6   Next: 61%
Magic:  13/13      EV: 11    Int: 18    God:
Gold:   172        SH:  0    Dex: 13    Spells: 9/15 levels left

rFire   . . .        k - +1 short sword (elec)
rCold   . . .        (no shield)
rNeg    + . .        a - +0 robe
rPois   .            (no helmet)
rElec   .            (no cloak)
rCorr   .            (gloves unavailable)
SInv    .            (no boots)
Will    .....        (no amulet)
Stlth   ++           i - ring of positive energy
HPRegen 0.27/turn    (no ring)
MPRegen 0.13/turn

%: no passive effects
@: weak-willed, unable to call your familiar
A: rugged brown scales 2, demonic touch 3
a: no special abilities


You were in a sewer.
You visited 1 branch of the dungeon, and saw 4 of its levels.
You also visited: Sewer.

You collected 172 gold pieces.


Innate Abilities, Weirdness & Mutations

You are mostly covered in rugged brown scales. (AC +2, +5% HP)
Your touch may irresistibly damage your foes and sap their willpower.


   Skills:
 - Level 1.7 Dodging
 - Level 1.7 Stealth
 * Level 5.2 Spellcasting
 + Level 5.9 Summonings


You had 9 spell levels left.
You knew the following spells:

 Your Spells              Type           Power      Damage    Failure   Level
a - Summon Small Mammal   Summ           100%       N/A       1%          1
b - Call Imp              Summ           52%        N/A       1%          2
c - Call Canine Familiar  Summ           26%        N/A       3%          3

Your spell library contained the following spells:

 Spells                   Type           Power      Damage    Failure   Level
 Summon Blazeheart Golem  Fire/Summ      15%        N/A       36%         4
 Summon Lightning Spire   Summ/Air       15%        N/A       36%         4

Inventory:

Hand Weapons
 k - a +1 short sword of electrocution (weapon)
   (You took it off a kobold on level 2 of the Dungeon)
Missiles
 j - a throwing net
Armour
 a - a +0 robe (worn)
Jewellery
 g - a ring of ice
   (You found it on level 2 of the Dungeon)
 i - a ring of positive energy (left hand)
   (You took it off a gnoll on level 2 of the Dungeon)
Wands
 d - a wand of iceblast (5)
   (You found it on level 3 of the Dungeon)
 q - a wand of flame (12)
   (You found it in a sewer)
Potions
 b - a potion of magic
 c - a potion of curing {unknown}
 e - 2 potions of mutation {unknown}
 h - a potion of berserk rage {unknown}
 l - a potion of attraction {unknown}
 o - a potion of haste {unknown}

Dungeon Overview and Level Annotations

Branches:
Dungeon (4/15) Zot: 20505   Sewer (1/1) Zot: 5643
 Temple: D:4-7

Altars:
Makhleb

Annotations:
D:3 2 transporters, yey's ghost, amateur CoCK

#############
#§§§§§§§@§§§#
####§§§§○####
####§§§§§####
#§§§§§§§§§..#
####§§§§§####
####§§§§§####
#.÷§§§§§§§..#
####§§§§§####
####.~≈~.####


There were no monsters in sight!


Message History

😮 HP[+1] MP[+1] Unknown command.
Your cerulean imp disappears in a puff of smoke!
Your inugami disappears in a puff of smoke!
You open the door.
A frilled lizard comes into view. 😎 HP[+12] MP[+8]
Your hp is fully restored (43).
Your mp is fully restored (13).
A frilled lizard is nearby!
Unknown command.
A frilled lizard is nearby!
A frilled lizard is nearby!
The frilled lizard hisses angrily.
The frilled lizard barely misses you.
There is an open door here.
You miss the frilled lizard. The frilled lizard bites you. 😕 HP[-1]
You take 1 damage, and now have 42/43 hp.
You hit the frilled lizard.
You kill the frilled lizard!
No target in view!
Unknown command.
You now have 172 gold pieces (gained 12).
There is an open door here.
You open the door.
A giant cockroach comes into view. 😎 HP[+1]
Your hp is fully restored (43).
A giant cockroach is nearby!
A giant cockroach is nearby!
Casting: Call Canine Familiar (dangerous; 3% risk of failure)
Confirm with . or Enter, or press ? or * to list all spells.
You call for your canine familiar and it appears with a howl!
The giant cockroach bites you. 😕 HP[-1] MP[-3]
You take 1 damage, and now have 42/43 hp.
You lost 3 mp, and now have 10/13 mp.
Unknown command.
You barely miss the giant cockroach.
You touch the giant cockroach.
You kill the giant cockroach!
No target in view!
There is an open door here.
Unknown command.
No target in view!
You open the door.
A kobold comes into view. It is wielding a +0 dagger.
The kobold shouts!
Your inugami closely misses the kobold. 😎 HP[+1] MP[+3]
Your hp is fully restored (43).
Your mp is fully restored (13).
A kobold is nearby!
A kobold is nearby!
You barely miss the kobold. The kobold hits you with a +0 dagger.
Your inugami misses the kobold. 😕 HP[-1]
You take 1 damage, and now have 42/43 hp.
You completely miss the kobold. The kobold misses you.
Your inugami hits the kobold. 😎 HP[+1]
Your hp is fully restored (43).
You hit the kobold.
You kill the kobold!
There is an open door here.
Things that are here:
a +0 dagger; 4 stones; a kobold corpse You open the door.
Done exploring.
Unknown command.
Done exploring.
Casting: Call Canine Familiar (dangerous; 3% risk of failure)
Confirm with . or Enter, or press ? or * to list all spells.
You don't know that spell.
As you read the scroll labelled TOEDUMUPOKK, it crumbles to dust.
The creatures around you are filled with an inner flame!
It was a scroll of immolation.
The air fills with toxic fumes!
As you read the scroll labelled ZAHUUTO YRGHI, it crumbles to dust.
It was a scroll of poison.
Unknown command.
As you read the scroll labelled QEAFUE KEBOUNY, it crumbles to dust.
A wave of despondency washes over your surroundings.
It was a scroll of vulnerability.
Unknown command.
As you read the scroll labelled NYGOGEMASE, it crumbles to dust.
Your body is wracked with pain!
Your inugami convulses!
Flame seeps out of your inugami.
It was a scroll of torment.
Your inugami is engulfed in blazing flames.
Flame seeps out of your inugami. 😮 HP[-18]
You take 18 damage, and now have 25/43 hp.
MASSIVE DAMAGE!! (PAUSE) Unknown command.
Unknown command.
You start resting.
Your inugami is engulfed in blazing flames.
Your inugami disappears in a puff of smoke!
The fiery explosion engulfs you!!!
Ouch! That really hurt!
You die...

Skill      XL: |  1  2  3  4  5  6 |
---------------+-------------------+-----
Spellcasting   | 3 4 5 |  5.2
Summonings     | 5 |  5.9
Dodging        | |  1.7
Stealth        | |  1.7

Action                     |  1- 3 |  4- 6 || total
---------------------------+-------+-------++-------
  Melee: Unarmed           |    56 |     3 ||    59
         Touch             |    13 |     8 ||    21
         Short sword       |       |    50 ||    50
   Cast: Summon Small Mamm |    38 |     5 ||    43
         Call Canine Famil |     2 |    15 ||    17
         Call Imp          |     2 |     8 ||    10
    Use: Scroll            |       |     7 ||     7
   Stab: Distracted        |     1 |       ||     1
         Sleeping          |     1 |     3 ||     4
 Armour: Robe              |    32 |    26 ||    58
  Dodge: Dodged            |    48 |    32 ||    80

Levels and vault maps discovered:
D:1:      nicolae_arrival_washed_ashore, layout_basic
D:2:      layout_basic, nicolae_ecumenical_lake_church, minmay_pentomino_s4,
          uniq_natasha
D:3:      layout_rooms, grunt_temple_overflow_order_and_chaos_2,
          gammafunk_ghost_mausoleum
D:4:      layout_basic, cheibrodos_sewer_entry_drain, grunt_ministairs_3
Sewer:    kennysheep_door_sewer

Notes
Turn   | Place    | Note
-------+----------+-------------------------------------------
     0 | D:1      | ytrimaz the Demonspawn Summoner began the quest for the
                  | Orb.
     0 | D:1      | Reached XP level 1. HP: 13/13 MP: 3/3
     0 | D:1      | magus.rc [v1.9.6]
    51 | D:1      | Upgraded the game from 0.32-a0-913-g739538afd8 to
                  | 0.32-a0-931-g5a2cda0630
    51 | D:1      | magus.rc [v1.9.6]
    77 | D:1      | Gained mutation: Your touch may inflict minor irresistible
                  | damage on your foes. [demonic ancestry]
    77 | D:1      | Reached XP level 2. HP: 19/19 MP: 1/5
  1428 | D:2      | Gained mutation: You are partially covered in rugged brown
                  | scales. (AC +1, +3% HP) [demonic ancestry]
  1428 | D:2      | Reached XP level 3. HP: 15/24 MP: 5/7
  1431 | D:2      | Learned a level 2 spell: Call Imp
  1488 | D:2      | Learned a level 3 spell: Call Canine Familiar
  1798 | D:2      | Noticed Natasha
  1822 | D:2      | Killed Natasha
  1823 | D:2      | Reached skill level 3 in Spellcasting
  1981 | D:2      | Gained mutation: Your touch may inflict irresistible damage
                  | on your foes. [demonic ancestry]
  1981 | D:2      | Reached XP level 4. HP: 30/30 MP: 5/8
  1998 | D:2      | Reached skill level 5 in Summonings
  2347 | D:2      | Found a faded altar of an unknown god.
  2805 | D:3      | Found a transporter.
  2807 | D:3      | Noticed a phantom
  2808 | D:3      | Noticed yey's ghost (amateur CoCK)
  2809 | D:3      | Found a transporter.
  2910 | D:3      | Found a burning altar of Makhleb.
  2917 | D:3      | Noticed an angel
  2917 | D:3      | Noticed an Executioner
  3080 | D:3      | Upgraded the game from 0.32-a0-931-g5a2cda0630 to
                  | 0.32-a0-938-g40ac7a0f4d
  3080 | D:3      | magus.rc [v1.9.6]
  3223 | D:4      | Gained mutation: You are mostly covered in rugged brown
                  | scales. (AC +2, +5% HP) [demonic ancestry]
  3223 | D:4      | Reached XP level 5. HP: 9/36 MP: 3/10
  3431 | D:4      | Reached skill level 4 in Spellcasting
  3465 | D:4      | Found a glowing drain.
  3489 | Sewer    | Entered a sewer
  3616 | Sewer    | Gained mutation: Your touch may irresistibly damage your
                  | foes and sap their willpower. [demonic ancestry]
  3616 | Sewer    | Reached XP level 6. HP: 25/43 MP: 4/13
  3690 | Sewer    | Noticed Pargi
  3714 | Sewer    | Killed Pargi
  3715 | Sewer    | Reached skill level 5 in Spellcasting
  3844 | Sewer    | Killed by an exploding inugami... ignited by their inner
                  | flame

Vanquished Creatures
  2 brain worms (Sewer)
  4 gnolls
  2 ribbon worms (D:4)
  4 ball pythons
  2 bats
  3 endoplasms
  A giant cockroach (Sewer)
  3 goblins
  A hobgoblin (D:3)
  6 kobolds
  2 quokkas (D:3)
  4 frilled lizards
  2 rats
36 creatures vanquished.

Vanquished Creatures (collateral kills)
  Pargi (Sewer)
  Natasha (D:2)
  6 gnolls
  An adder (D:2)
  A dart slug (D:1)
  3 ball pythons
  3 bats
  An endoplasm (D:1)
  3 giant cockroaches
  3 goblins
  2 hobgoblins (D:3)
  2 kobolds
  A rat (D:3)
28 creatures vanquished.

Grand Total: 64 creatures vanquished

Table legend:
 A = Non-vault XP
 B = Vault XP
 C = Vault XP percentage of total XP
 D = Non-vault monster count
 E = Vault monster count
 F = Vault count percentage of total count
                 A         B        C        D         E       F
            +---------+---------+-------+---------+---------+-------
      Total |     207 |     391 |  65.4 |      48 |      16 |  25.0
            +---------+---------+-------+---------+---------+-------
        D:1 |      31 |       0 |   0.0 |      16 |       0 |   0.0
        D:2 |      55 |      50 |  47.6 |      13 |       4 |  23.5
        D:3 |      19 |       0 |   0.0 |      10 |       0 |   0.0
        D:4 |     102 |      11 |   9.7 |       9 |       4 |  30.8
      Sewer |       0 |     330 | 100.0 |       0 |       8 | 100.0
            +---------+---------+-------+---------+---------+-------

Skill      XL: |  1  2  3  4  5  6 |
---------------+-------------------+-----
Spellcasting   | 3 4 5 |  5.2
Summonings     | 5 |  5.9
Dodging        | |  1.7
Stealth        | |  1.7

Action                     |  1- 3 |  4- 6 || total
---------------------------+-------+-------++-------
  Melee: Unarmed           |    56 |     3 ||    59
         Touch             |    13 |     8 ||    21
         Short sword       |       |    50 ||    50
   Cast: Summon Small Mamm |    38 |     5 ||    43
         Call Canine Famil |     2 |    15 ||    17
         Call Imp          |     2 |     8 ||    10
    Use: Scroll            |       |     7 ||     7
   Stab: Distracted        |     1 |       ||     1
         Sleeping          |     1 |     3 ||     4
 Armour: Robe              |    32 |    26 ||    58
  Dodge: Dodged            |    48 |    32 ||    80

Illustrated notes

Table legend:
 A = Kills in this place as a percentage of kills in the entire game.
 B = Kills by you in this place as a percentage of kills by you in the entire game.
 C = Kills by friends in this place as a percentage of kills by friends in the entire game.
 D = Other kills in this place as a percentage of other kills in the entire game.
 E = Experience gained in this place as a percentage of experience gained in the entire game.
 F = Experience gained in this place divided by the number of levels of this place that you have seen.
                   A       B       C       D       E      F
               +-------+-------+-------+-------+-------+----------------------
         Total | 100.0 | 100.0 | 100.0 |   N/A | 100.0 | 119.6
       Dungeon |  87.5 |  83.3 |  92.9 |   N/A |  44.8 |  67.0
         Sewer |  12.5 |  16.7 |   7.1 |   N/A |  55.2 | 330.0
               +-------+-------+-------+-------+-------+----------------------

Table legend: (Time is in decaauts)
 A = Elapsed time spent in this place.
 B = Non-inter-level travel time spent in this place.
 C = Inter-level travel time spent in this place.
 D = Time resting spent in this place.
 E = Time spent auto-exploring this place.
 F = Levels seen in this place.
 G = Mean time per level.
                   A        B        C        D        E       F      G
               +--------+--------+--------+--------+--------+-----+--------+
         Total |   3849 |   3743 |    106 |      0 |   3058 |   5 |  769.8 |
       Dungeon |   3494 |   3388 |    106 |      0 |   2793 |   4 |  873.5 |
         Sewer |    355 |    355 |      0 |      0 |    265 |   1 |  355.0 |
               +--------+--------+--------+--------+--------+-----+--------+

Top non-repeatable levels by time:
     D:2: 1375 daAuts
     D:1: 1226 daAuts
     D:3: 556 daAuts
   Sewer: 355 daAuts
     D:4: 337 daAuts
